 Dungeon Crawl Stone Soup version 0.18.1-6-gd335043 (webtiles) character file.

138 M4edhros the Insei (level 5, -4/41 HPs)
             Began as a Mummy Monk on May 16, 2016.
             Killed from afar by an orc wizard (15 damage)
             ... with a puff of flame
             ... on level 3 of the Dungeon.
             The game lasted 00:05:24 (5765 turns).

M4edhros the Insei (Mummy Monk)                     Turns: 5765, Time: 00:05:25

Health: -4/41      AC:  0    Str: 14    XL:     5   Next: 1%
Magic:  5/5        EV: 13    Int: 13    God:
Gold:   189        SH:  0    Dex: 16    Spells: 0 memorised, 4 levels left

rFire  x . .     SeeInvis +       - Unarmed
rCold  + . .     Gourm    .     (no armour)
rNeg   + + +     Faith    .     (no shield)
rPois  ∞         Spirit   .     (no helmet)
rElec  .         Dismiss  .     (no cloak)
rCorr  .         Reflect  .     (no gloves)
SustAt .         Harm     .     (no boots)
MR     .....                    (no amulet)
Stlth  ++........               h - +4 ring of intelligence
                                d - ring of see invisible

@: not resistant to hostile enchantments, unstealthy
A: no food or potions, fire vulnerability, cold resistance 1, negative energy
resistance 3, torment resistance, unbreathing
a: no special abilities


You were on level 3 of the Dungeon.
You were not hungry.

You visited 1 branch of the dungeon, and saw 4 of its levels.

You collected 189 gold pieces.

Inventory:

Armour
 a - a +0 robe
Jewellery
 d - a ring of see invisible (left hand)
 h - a +4 ring of intelligence (right hand)
Scrolls
 e - 4 scrolls of remove curse
 g - a scroll of magic mapping
 i - a scroll of teleportation
 j - 3 scrolls of amnesia
Comestibles
 b - 2 bread rations


   Skills:
 - Level 3.0 Fighting
 - Level 2.4 Dodging
 - Level 1.5 Stealth
 + Level 5.2 Unarmed Combat


You had 4 spell levels left.
You didn't know any spells.

Dungeon Overview and Level Annotations

Branches:
Dungeon (4/15)
 Temple: D:4-7

Altars:
Cheibriados
Zin


Innate Abilities, Weirdness & Mutations

You do not eat or drink.
Your flesh is vulnerable to fire.
You are immune to poison.
Your flesh is cold resistant.
You are immune to negative energy.
You are immune to unholy pain and torment.
You can survive without breathing.


Message History

The orc wizard is moderately wounded.
The orc wizard barely misses you.
You hit the orc wizard but do no damage.
The orc wizard is moderately wounded.
The orc wizard casts a spell at you. The magic dart hits you!
* * * LOW HITPOINT WARNING * * *
The orc wizard hits you but does no damage.
You hit the orc wizard.
The orc wizard is heavily wounded.
The orc wizard hits you with a dagger of venom.
* * * LOW HITPOINT WARNING * * *
You hit the orc wizard but do no damage.
The orc wizard is heavily wounded.
The orc wizard closely misses you.
You closely miss the orc wizard.
The orc wizard is heavily wounded.
The orc wizard gestures at you while chanting.
The puff of flame hits you! The fire burns you terribly!
You die...

###########+##..#'######
#........#.............#
#'######.#.....o....[..#
.........'.....[.......#
...#####.#........)....#
<..###.#.#######...#####
...'..<#.#...........#
...#####.#.######o.#.###########
..[......#.#....@..............#
...#######.#.#####.............#
...# #.#.###.#.............#
...# #.#.........###########
...# #.#######...# ...#
#.....#.....#
##########'###.#.#...#
#.............#.#...#
#.............#.#.#>#


You could see an orc wizard.

Vanquished Creatures
  4 adders
  5 worms
  A dart slug (D:3)
  3 orcs
  A ball python (D:2)
  3 giant cockroaches
  12 goblins
  10 hobgoblins
  6 jackals (D:1)
  13 bats
  7 giant newts
  8 kobolds
  6 rats
79 creatures vanquished.

Notes
Turn   | Place    | Note
--------------------------------------------------------------
     0 | D:1      | M4edhros the Mummy Monk began the quest for the Orb.
     0 | D:1      | Reached XP level 1. HP: 18/18 MP: 1/1
   487 | D:1      | Reached XP level 2. HP: 24/24 MP: 2/2
   970 | D:1      | Reached skill level 4 in Unarmed Combat
  1357 | D:1      | Reached XP level 3. HP: 19/29 MP: 3/3
  2255 | D:2      | You fall through a shaft for 2 floors!
  2778 | D:2      | Reached XP level 4. HP: 18/35 MP: 4/4
  2935 | D:2      | Found a glowing silver altar of Zin.
  3618 | D:2      | Found a faded altar to an unknown god.
  4059 | D:2      | Reached skill level 5 in Unarmed Combat
  5476 | D:3      | Found a snail-covered altar of Cheibriados.
  5751 | D:3      | Reached XP level 5. HP: 30/41 MP: 5/5
  5765 | D:3      | Killed from afar by an orc wizard

Skill      XL: |  1  2  3  4 |
---------------+-------------+-----
Unarmed Combat | 4 5 |  5.2
Fighting       | |  3.0
Dodging        | |  2.4
Stealth        | |  1.5

Action                   |  1- 3 |  4- 6 || total
-------------------------+-------+-------++-------
Melee: Unarmed           |   184 |   167 ||   351
       Punch             |     2 |     4 ||     6
  Use: Scroll            |       |     5 ||     5
 Stab: Sleeping          |     3 |     1 ||     4
Armor: Robe              |     1 |       ||     1
Dodge: Dodged            |   146 |   132 ||   278
